 Dungeon Crawl Stone Soup version 0.31-a0-1447-g87ca8d402b (webtiles) character file.

Game seed: 3719509338585307206

2102 Laraso the Basher (level 9, -6/77 (84) HPs)
             Began as an Oni Cinder Acolyte on Dec 27, 2023.
             Was a High Priest of Ignis.
             Killed from afar by Maurice (11 damage)
             ... with an iceblast
             ... on level 7 of the Dungeon.
             The game lasted 00:07:47 (8543 turns).

Laraso the Basher (Oni Cinder Acolyte)              Turns: 8543, Time: 00:07:48

HP:   -6/77 (84)    AC:  4    Str: 20    XL:     9   Next: 28%
MP:   0/22          EV:  9    Int: 19    God:    Ignis [*****.]
Gold: 0             SH:  0    Dex:  4    Spells: 9/14 levels left

rFire   + . .        a - +0 flail (holy)
rCold   . . .        (no shield)
rNeg    . . .        s - +0 robe
rPois   .            (helmet restricted)
rElec   .            f - +0 cloak
rCorr   .            (gloves unavailable)
SInv    .            (boots unavailable)
Will    .....        (no amulet)
Stlth   +            g - ring of wizardry
HPRegen 0.32/turn    m - ring of magical power
MPRegen 0.18/turn

%: wizardry (x1)
@: drained
A: large, unfitting armour, horns 1, tough skin 1, double potion healing,
drunken brawling
a: Renounce Religion, Fiery Armour, Foxfire Swarm, Rising Flame


You were on level 7 of the Dungeon.
You worshipped Ignis.
Ignis was extremely pleased with you.
You visited 1 branch of the dungeon, and saw 7 of its levels.

Inventory:

Hand Weapons
 a - a +0 flail of holy wrath (weapon)
Armour
 f - a +0 cloak (worn)
 s - a +0 robe (worn)
Jewellery
 g - a ring of wizardry (left hand)
 m - a ring of magical power (right hand)
Scrolls
 c - a scroll of fear
 e - 4 scrolls of teleportation
 i - a scroll of poison
 j - 2 scrolls of amnesia
 k - a scroll of summoning
 l - a scroll of brand weapon
 o - a scroll of enchant armour {unknown}
 q - a scroll of revelation
 u - a scroll of blinking {unknown}
Potions
 p - 2 potions of brilliance
 t - a potion of degeneration {unknown}
 v - a potion of attraction {unknown}


   Skills:
 - Level 4.0 Fighting
 * Level 11.4 Maces & Flails
 - Level 3.0 Spellcasting
 - Level 3.0 Fire Magic
 * Level 3.0 Air Magic


You had 9 spell levels left.
You knew the following spells:

 Your Spells              Type           Power      Damage    Failure   Level
a - Scorch                Fire           28%        2d6       2%          2
s - Swiftness             Air            14%        N/A       5%          3

Your spell library contained the following spells:

 Spells                   Type           Power      Damage    Failure   Level
 Static Discharge         Conj/Air       16%        3-4/arc   4%          2
 Magic Dart               Conj           8%         1d3       6%          1
 Ensorcelled Hibernation  Hex/Ice        4%         N/A       9%          2
 Lesser Beckoning         Tloc           4%         N/A       9%          2
 Searing Ray              Conj           4%         2d4       9%          2
 Gell's Gravitas          Tloc           2%         N/A       17%         3
 Passwall                 Erth           2%         N/A       17%         3
 Teleport Other           Tloc           2%         N/A       17%         3
 Airstrike                Air            7%         2d(1-17)  17%         4
 Summon Lightning Spire   Summ/Air       8%         N/A       32%         4
 Fulminant Prism          Conj/Alch      1%         3d5       50%         4
 Sculpt Simulacrum        Ice/Alch       1%         N/A       100%        6
 Ozocubu's Refrigeration  Ice            1%         4d7       100%        7
 Polar Vortex             Ice            1%         N/A       100%        9


Dungeon Overview and Level Annotations

Branches:
Dungeon (7/15)             Temple (0/1) D:4

Altars:
Cheibriados
Dithmenos
Nemelex Xobeh
Ru
Trog
Yredelemnul

Annotations:
D:7 Maurice


Innate Abilities, Weirdness & Mutations

You are too large for most types of armour.
You have a pair of small horns on your head.
You have tough skin. (AC +1)
You gain doubled healing and magic from potions.
Whenever you drink a healing potion, you attack all around you.


Message History

You barely miss Maurice. You headbutt Maurice, but do no damage.
Maurice is almost dead.
Maurice gestures wildly while chanting.
Maurice flickers and vanishes!
Deactivating autopickup; reactivate with Ctrl-A.
You miss something. You closely miss something. Your headbutt misses something.
Something hits you.
Something groans, "What are you, a monk?"
Something bites you.
You feel your power leaking away. Something drains your magic.
You barely miss something.
You hear some strange, mumbled words.
You hear a zap.
An iceblast appears from out of thin air!
The mass of ice explodes!
The iceblast engulfs you!
* * * LOW HITPOINT WARNING * * *
Something shouts, "Get thee hence, thou dissembling pigeon-egg death-token!"
You hear an angry buzzing noise.
Unknown command.
You aren't carrying any items that you can evoke.
You miss something.
You hear a zap.
An iceblast appears from out of thin air!
The mass of ice explodes!
The iceblast engulfs you!
* * * LOW HITPOINT WARNING * * *
The iceblast engulfs something!
You hear a shout!
You hear an angry buzzing noise.
You miss something. Your headbutt misses something. Something hits you.
* * * LOW HITPOINT WARNING * * *
Something groans, "What are you, a monk?"
Something bites you.
* * * LOW HITPOINT WARNING * * *
You feel your power leaking away. Something drains your magic.
You closely miss something.
You hear a zap.
An iceblast appears from out of thin air!
The mass of ice explodes!
The iceblast engulfs you!
You die...

#.##.# #######.##.#
#..........# #.###...####
#######.###.#### ..o.....
...............#
.......##########..#.........
........$..........#.........
......o#.......{@..#####.....
y... #...........# ..... .y.
#...........# .... #z##
#...........# ####
#z.#####...........#
..<....#...........#
######.#.###+#######


There were no monsters in sight!

Vanquished Creatures
  A steam dragon (D:6)
  2 water moccasins
  A black bear (D:5)
  2 ogres
  2 phantoms
  3 scorpions
  3 wights
  5 killer bees (D:7)
  A howler monkey (D:2)
  3 bombardier beetles
  3 hounds
  2 jellies
  2 orc priests
  A sleepcap (D:5)
  3 iguanas
  An orc wizard (D:6)
  A mummy (D:6)
  8 adders
  8 gnolls
  2 ufetubi (D:6)
  2 worms (D:3)
  3 dart slugs
  21 orcs
  8 endoplasms
  A giant cockroach (D:1)
  7 goblins
  14 hobgoblins
  3 jackals (D:1)
  8 quokkas
  11 ball pythons
  6 bats
  4 frilled lizards
  4 kobolds
  7 rats
153 creatures vanquished.

Notes
Turn   | Place    | Note
-------+----------+-------------------------------------------
     0 | D:1      | Laraso the Oni Cinder Acolyte began the quest for the Orb.
     0 | D:1      | Reached XP level 1. HP: 24/24 MP: 2/2
    88 | D:1      | Reached XP level 2. HP: 21/32 MP: 2/4
   177 | D:1      | Learned a level 2 spell: Scorch
   690 | D:1      | Reached XP level 3. HP: 39/39 MP: 2/5
  1117 | D:1      | Learned a level 3 spell: Swiftness
  1183 | D:2      | Reached skill level 4 in Maces & Flails
  1322 | D:2      | Reached XP level 4. HP: 38/48 MP: 0/8
  1499 | D:2      | Found a shadowy altar of Dithmenos.
  2235 | D:3      | Found a bloodstained altar of Trog.
  2317 | D:3      | Reached XP level 5. HP: 41/54 MP: 0/9
  2444 | D:3      | Found a faded altar of an unknown god.
  2454 | D:3      | Reached skill level 5 in Maces & Flails
  2954 | D:3      | Found a sparkling altar of Nemelex Xobeh.
  2954 | D:3      | Found a basalt altar of Yredelemnul.
  3150 | D:4      | Found a staircase to the Ecumenical Temple.
  3593 | D:4      | Reached skill level 6 in Maces & Flails
  3593 | D:4      | Reached XP level 6. HP: 30/62 MP: 2/10
  4040 | D:4      | Found a sacrificial altar of Ru.
  4558 | D:4      | Reached skill level 7 in Maces & Flails
  4625 | D:4      | Reached XP level 7. HP: 44/70 MP: 0/11
  4939 | D:5      | Entered Level 5 of the Dungeon
  4949 | D:5      | Reached skill level 8 in Maces & Flails
  5240 | D:5      | Reached XP level 8. HP: 78/78 MP: 1/12
  5340 | D:5      | Reached skill level 9 in Maces & Flails
  6317 | D:6      | Reached skill level 10 in Maces & Flails
  6954 | D:6      | Found a snail-covered altar of Cheibriados.
  7159 | D:6      | Reached skill level 1 in Air Magic
  7371 | D:6      | Reached skill level 11 in Maces & Flails
  7382 | D:6      | Reached XP level 9. HP: 81/84 MP: 13/13
  7880 | D:7      | Noticed Maurice
  8524 | D:7      | Maurice stole a +0 giant club
  8525 | D:7      | Maurice stole 288 gold
  8526 | D:7      | Maurice stole 73 gold
  8543 | D:7      | Killed from afar by Maurice

Illustrated notes

Levels and vault maps discovered:
D:1:      psy_arrival_statuary, layout_basic
D:2:      layout_loops_ring, serial_forest, infiniplex_forest_end_3,
          infiniplex_forest_lined_room_3, infiniplex_forest_clump_long,
          infiniplex_forest_clump_curved, infiniplex_forest_clump_tiny,
          infiniplex_forest_clump_small, infiniplex_forest_clump_C,
          infiniplex_forest_lined_ring, basic_altar
D:3:      layout_basic, mainiacjoe_overflow_cross_hatched,
          nicolae_overflow_two_pavilions, chequers_ecumenical_altar_simple
D:4:      minmay_chambers_of_twos, layout_gridville, lemuel_crystal_altar,
          minmay_temple_entry_junction
D:5:      layout_loops_ring, due_unseen_surprise
D:6:      layout_layer_cave, slow_altar_1, due_unseen_surprise
D:7:      layout_basic, uniq_maurice

Skill      XL: |  1  2  3  4  5  6  7  8  9 |
---------------+----------------------------+-----
Fire Magic     | 3 |  3.0
Spellcasting   | 2 3 |  3.0
Maces & Flails | 4 6 7 8 11 | 11.4
Air Magic      | 1 3 |  3.0
Fighting       | |  4.0

Action                     |  1- 3 |  4- 6 |  7- 9 || total
---------------------------+-------+-------+-------++-------
  Melee: Mace              |    92 |    48 |       ||   140
         Headbutt          |    14 |     9 |     7 ||    30
         Punch             |     1 |     1 |     1 ||     3
         Flail             |       |    46 |    67 ||   113
   Cast: Scorch            |    14 |    55 |   114 ||   183
 Invoke: Fiery Armour      |       |       |     1 ||     1
    Use: Scroll            |     3 |     5 |     1 ||     9
         Potion            |       |     1 |     5 ||     6
 Armour: Robe              |    60 |    93 |   120 ||   273
         Skin              |       |       |    15 ||    15
  Dodge: Dodged            |    53 |    61 |    89 ||   203

Table legend: (Time is in decaauts)
 A = Elapsed time spent in this place.
 B = Non-inter-level travel time spent in this place.
 C = Inter-level travel time spent in this place.
 D = Time resting spent in this place.
 E = Time spent auto-exploring this place.
 F = Levels seen in this place.
 G = Mean time per level.
                   A        B        C        D        E       F      G
               +--------+--------+--------+--------+--------+-----+--------+
         Total |   8580 |   8298 |    282 |   1639 |   5585 |   7 | 1225.7 |
       Dungeon |   8580 |   8298 |    282 |   1639 |   5585 |   7 | 1225.7 |
               +--------+--------+--------+--------+--------+-----+--------+

Top non-repeatable levels by time:
     D:4: 1871 daAuts
     D:6: 1556 daAuts
     D:5: 1381 daAuts
     D:1: 1173 daAuts
     D:2: 1132 daAuts
     D:3: 850 daAuts
     D:7: 615 daAuts
